 Dungeon Crawl Stone Soup version 0.26.1-2-gb8aa6d0cf2 (webtiles) character file.

Game seed: 10760500710264060880

3521 Gadfly the Charlatan (level 9, 0/69 (74) HPs)
             Began as a Palentonga Delver on Feb 27, 2021.
             Was an Initiate of Gozag.
             Slain by a wight
             ... wielding a cursed +3 halberd
              (11 damage)
             ... on level 8 of the Dungeon.
             The game lasted 00:16:01 (10162 turns).

Gadfly the Charlatan (Palentonga Delver)           Turns: 10162, Time: 00:16:02

HP:   0/69 (74)     AC: 16    Str: 18    XL:     9   Next: 81%
MP:   9/9           EV:  9    Int: 11    God:    Gozag
Gold: 1132          SH:  0    Dex: 12    Spells: 8/8 levels left

rFire    . . .     SeeInvis +   b - +2 dagger (elec)
rCold    . . .     Faith    .   (no shield)
rNeg     + . .     Spirit   .   n - +0 ring mail
rPois    .         Reflect  .   (no helmet)
rElec    .         Harm     .   (no cloak)
rCorr    .         Rampage  .   t - +1 pair of gloves
Will     .....                  (no barding)
Stlth    +.........             (no amulet)
HPRegen  0.21/turn              h - ring of positive energy
MPRegen  0.11/turn              y - ring of flight

@: confused, drained, curled up
A: large, rugged brown scales 3, see invisible, deformed body, roll 1, armoured
tail, reflexive curl
a: Rolling Charge, Renounce Religion, Evoke Flight, Potion Petition, Call
Merchant, Bribe Branch


You were on level 8 of the Dungeon.
You worshipped Gozag.
Gozag was most pleased with you.
You visited 2 branches of the dungeon, and saw 9 of its levels.

You collected 1214 gold pieces.
You paid 82 gold pieces to Gozag.

Inventory:

Hand Weapons
 a - a +2 war axe of freezing
 b - a +2 dagger of electrocution (weapon)
 B - a +2 trident of venom
Armour
 m - a +0 plate armour
 n - a +0 ring mail (worn)
 s - a +0 scale mail
 t - a +1 pair of gloves (worn)
Jewellery
 h - a ring of positive energy (left hand)
 y - a ring of flight (right hand)
Wands
 g - a wand of digging (11)
 p - a wand of random effects (18)
 x - a wand of acid (11)
 z - a wand of disintegration (14)
Scrolls
 c - 3 scrolls of fog
 d - 6 scrolls of magic mapping
 e - 4 scrolls of fear
 u - 3 scrolls of teleportation
 v - a scroll of remove curse
Potions
 f - 2 potions of haste
 k - 2 potions of attraction
 l - a potion of ambrosia
 o - 4 potions of might
 q - a potion of resistance
 r - 2 potions of berserk rage
 w - a potion of mutation


   Skills:
 - Level 3.3 Fighting
 + Level 6.3 Axes
 * Level 7.0 Armour
 - Level 1.7 Dodging
 - Level 4.3 Stealth
 * Level 7.7 Evocations


You had 8 spell levels left.
You didn't know any spells.
Your spell library contained the following spells:

 Spells                   Type           Power        Failure   Level
 Magic Dart               Conj           0%           50%         1
 Summon Small Mammal      Summ           0%           50%         1
 Blink                    Tloc           N/A          65%         2
 Call Imp                 Summ           0%           65%         2
 Slow                     Hex            0%           65%         2
 Call Canine Familiar     Summ           0%           86%         3
 Conjure Flame            Conj/Fire      0%           86%         3
 Mephitic Cloud           Conj/Pois/Air  0%           86%         3
 Summon Guardian Golem    Hex/Summ       0%           86%         3
 Summon Ice Beast         Ice/Summ       0%           99%         4
 Summon Lightning Spire   Summ/Air       0%           99%         4


Dungeon Overview and Level Annotations

Branches:
Dungeon (8/15)             Temple (1/1) D:4
   Lair: D:8-11

Altars:
Ashenzari
Cheibriados
Dithmenos
Elyvilon
Fedhas
Gozag
Hepliaklqana
Kikubaaqudgha
Makhleb
Nemelex Xobeh
Okawaru
Qazlal
Ru
Sif Muna
Trog
Uskayaw
Vehumet
Wu Jian
Xom
Yredelemnul
Zin
The Shining One


Innate Abilities, Weirdness & Mutations

You are completely covered in rugged brown scales. (AC +3, +7% HP)
You have supernaturally acute eyesight. (SInv)
Armour fits poorly on your strangely shaped body.
You can roll at nearby foes to attack.
You have a long armoured tail.
You curl defensively after being hit.


Message History

The wight hits you with a cursed +3 halberd!
* * * LOW HITPOINT WARNING * * *
You closely miss the wight.
The wight is moderately damaged.
The wight hits you with a cursed +3 halberd.
* * * LOW HITPOINT WARNING * * *
You partially resist.
You feel drained.
You hit the wight.
The wight is moderately damaged.
Okay, then.
Okay, then.
You are confused.
You feel invigorated.
The wight hits you with a cursed +3 halberd.
* * * LOW HITPOINT WARNING * * *
You partially resist.
You feel drained.
You bump into the rock wall.
The wight hits you with a cursed +3 halberd!
You die...
Your body crumbles into a pile of gold.

###.# #...# #
#.### #. #.#
####.#### #.#
....>...# #.#
#....$.# #.#
#...#.########.#
#.....z@.......#
........##########
#########


You could see a wight.

Vanquished Creatures
  Grinder (D:6)
  A wyvern (D:8)
  Duvessa (D:7)
  A sky beast (D:4)
  An ice beast (D:8)
  2 phantoms
  3 ogres
  6 centaurs
  Blork the orc (D:6)
  A big kobold (D:4)
  6 bullfrogs
  Dowan (D:7)
  A gnoll sergeant (D:8)
  A scorpion (D:5)
  3 wights (D:8)
  A howler monkey (D:6)
  A centaur zombie (D:8)
  6 hounds
  2 jellies
  3 orc priests
  3 bullfrog skeletons
  3 orc wizards
  Terence (D:3)
  9 worker ants
  A hound zombie (D:7)
  A hound skeleton (D:7)
  11 gnolls
  6 adders
  4 white imps
  3 ufetubi
  4 worms
  4 leopard geckos
  36 orcs
  3 bats
  3 giant cockroaches
  11 goblins
  4 hobgoblins
  4 jackals
  8 kobolds
  6 quokkas
  5 frilled lizards
  A jackal skeleton (D:6)
  6 rats
  A bush (D:5)
181 creatures vanquished.

Vanquished Creatures (others)
  9 fungi (D:6)
  6 plants (D:6)
15 creatures vanquished.

Grand Total: 196 creatures vanquished

Notes
Turn   | Place    | Note
-------+----------+-------------------------------------------
     0 | D:5      | Gadfly the Palentonga Delver began the quest for the Orb.
     0 | D:5      | Reached XP level 1. HP: 20/20 MP: 1/1
     9 | D:5      | Noticed a scorpion
    13 | D:5      | Noticed a hound
    16 | D:5      | Killed a scorpion
    17 | D:5      | Reached XP level 2. HP: 23/27 MP: 2/2
    17 | D:5      | Reached XP level 3. HP: 28/33 MP: 3/3
    19 | D:5      | Noticed a phantom
    30 | D:5      | Reached XP level 4. HP: 9/40 MP: 4/4
   289 | D:5      | Found a shimmering altar of Xom.
   341 | D:5      | Noticed a centaur
   839 | D:4      | Found a shimmering altar of Xom.
   874 | D:4      | Reached skill level 1 in Armour
   874 | D:4      | Reached skill level 1 in Evocations
   893 | D:2      | Reached XP level 5. HP: 6/48 MP: 5/5
  2683 | D:2      | Found a glowing golden altar of the Shining One.
  2800 | D:3      | Noticed Terence
  2819 | D:3      | Killed Terence
  3019 | D:3      | Found an iron altar of Okawaru.
  3105 | D:3      | Noticed a phantom
  3152 | D:3      | Killed a phantom
  3153 | D:3      | Reached XP level 6. HP: 18/54 MP: 6/6
  3405 | D:3      | Found a stormy altar of Qazlal.
  3530 | D:3      | Found a burning altar of Makhleb.
  3801 | D:4      | Found a staircase to the Ecumenical Temple.
  3820 | D:4      | HP: 2/54 [worker ant (1)]
  4154 | Temple   | Entered the Ecumenical Temple
  4238 | Temple   | Became a worshipper of Gozag Ym Sagoz the Greedy
  4696 | D:4      | Gained mutation: You curl defensively after being hit.
                  | [Palentonga growth]
  4696 | D:4      | Reached XP level 7. HP: 57/60 MP: 7/7
  5146 | D:5      | Identified the cursed +0 robe of the Lair of Beasts {rElec
                  | Stlth+}
  5879 | D:5      | Reached XP level 8. HP: 16/67 MP: 8/8
  6503 | D:5      | Reached skill level 5 in Evocations
  6783 | D:6      | Reached skill level 5 in Armour
  6800 | D:6      | Noticed Blork the orc
  7000 | D:6      | Killed Blork the orc
  7114 | D:6      | Noticed Grinder
  7125 | D:6      | Reached skill level 5 in Axes
  7130 | D:6      | Killed Grinder
  7152 | D:6      | HP: 2/67 [worm (7)]
  7483 | D:6      | Reached XP level 9. HP: 74/74 MP: 9/9
  8199 | D:6      | Found a blossoming altar of Fedhas.
  8275 | D:7      | Noticed Duvessa
  8276 | D:7      | Noticed Dowan
  8333 | D:7      | Killed Duvessa
  8342 | D:7      | Killed Dowan
  8902 | D:7      | Found a sacrificial altar of Ru.
  8903 | D:7      | Found a bloodstained altar of Trog.
  8966 | D:7      | Found a blossoming altar of Fedhas.
 10159 | D:8      | HP: 3/71 [wight/cursed +3 halberd (4)]
 10162 | D:8      | Slain by a wight

Illustrated notes

Levels and vault maps discovered:
D:1:      erik_arrival_blinker_ship, layout_basic, hangedman_decor_riveting
D:2:      layout_basic, tso_oasis_becter, grunt_decor_junction
D:3:      layout_rooms, grunt_qazlal_clouds, lemuel_doored_altar,
          old_standard_altar, uniq_terence
D:4:      layout_rooms, marbit_many_paths, minmay_temple_entry_mist
D:5:      layout_cave_pools, basic_altar, kb_lookout_dungeons_type
D:6:      layout_basic, fedhas_altar_3, uniq_blork_the_orc, uniq_grinder
D:7:      layout_rooms, gammafunk_temple_overflow_statue, basic_altar,
          uniq_duvessa
D:8:      layout_loops_corners, serial_glass, glass_columns_a, glass_columns_b
Temple:   minmay_temple_curvy_branch

Skill      XL: |  1  2  3  4  5  6  7  8  9 |
---------------+----------------------------+-----
Stealth        | 4 |  4.3
Armour         | 1 2 3 4 5 7 |  7.0
Evocations     | 1 2 3 4 6 7 |  7.7
Axes           | 3 4 5 6 |  6.3
Fighting       | |  3.3
Dodging        | |  1.7

Action                   |  1- 3 |  4- 6 |  7- 9 || total
-------------------------+-------+-------+-------++-------
Melee: Hand axe          |    16 |    97 |       ||   113
       Tailslap          |     3 |    24 |    51 ||    78
       Dagger            |       |   150 |   362 ||   512
       War axe           |       |     3 |    31 ||    34
 Abil: Rolling Charge    |       |       |    17 ||    17
  Use: Potion            |       |     4 |     3 ||     7
       Scroll            |       |     8 |     5 ||    13
 Stab: Sleeping          |       |     8 |     1 ||     9
Armor: Leather armour    |     6 |    26 |       ||    32
       Ring mail         |       |    70 |   208 ||   278
Dodge: Dodged            |     9 |   152 |   231 ||   392
